 Seeded DCSS version 0.32-a0-630-g46d191b (webtiles) character file.

Game seed: 4771504757520219535 (custom seed)

239 mezmerelda the Cutter (level 6, 0/79 HPs)
             Began as a Gnoll Chaos Knight on Mar 6, 2024.
             Was a Plaything of Xom.
             Slain by a gnoll
             ... wielding a +0 flail
              (6 damage)
             ... on level 4 of the Dungeon.
             The game lasted 00:12:11 (1955 turns).

mezmerelda the Cutter (Gnoll Chaos Knight)          Turns: 1955, Time: 00:12:15

Health: 0/79       AC:  6    Str: 13    XL:     6   Next: 7%
Magic:  8/8        EV: 12    Int: 12    God:    Xom [..*...]
Gold:   90         SH:  0    Dex: 11    Spells: 8/8 levels left

rFire   . . .        a - +0 short sword (chaos)
rCold   . . .        (no shield)
rNeg    . . .        b - +2 leather armour
rPois   .            (no helmet)
rElec   .            (no cloak)
rCorr   .            (no gloves)
SInv    .            l - +0 pair of boots
Will    .....        (no amulet) Stlth
                     (no ring)
HPRegen 0.33/turn    (no ring)
MPRegen 0.11/turn

%: no passive effects
@: berserking, very quick
A: fangs 1, strong nose, distributed training
a: Renounce Religion


You were on level 4 of the Dungeon.
You worshipped Xom.
You were a toy of Xom.
You visited 1 branch of the dungeon, and saw 4 of its levels.

You collected 90 gold pieces.

Inventory:

Hand Weapons
 a - a +0 short sword of chaos (weapon)
Armour
 b - a +2 leather armour (worn)
 l - a +0 pair of boots (worn)
Jewellery
 q - a ring of fire
 r - a ring of flight
Scrolls
 c - a scroll of butterflies
 d - a scroll of enchant armour {unknown}
 e - a scroll of noise {unknown}
 f - a scroll of summoning {unknown}
 j - a scroll of fear {unknown}
 k - a scroll of revelation {unknown}
 n - a scroll of acquirement {unknown}
 o - a scroll of teleportation {unknown}
 t - a scroll of poison {unknown}
 u - a scroll of brand weapon {unknown}
Potions
 g - a potion of curing
 h - a potion of brilliance
 m - a potion of attraction {unknown}
 p - a potion of heal wounds {unknown}


   Skills:
 + Level 6.8 Fighting
 + Level 6.8 Short Blades
 + Level 1.8 Long Blades
 + Level 1.8 Axes
 + Level 1.8 Maces & Flails
 + Level 1.8 Polearms
 + Level 1.8 Staves
 + Level 1.8 Ranged Weapons
 + Level 1.8 Throwing
 + Level 4.9 Armour
 + Level 3.2 Dodging
 + Level 1.8 Stealth
 + Level 1.8 Shields
 + Level 1.8 Unarmed Combat
 + Level 1.8 Spellcasting
 + Level 1.4 Conjurations
 + Level 1.4 Hexes
 + Level 1.4 Summonings
 + Level 1.4 Necromancy
 + Level 1.4 Translocations
 + Level 1.4 Fire Magic
 + Level 1.4 Ice Magic
 + Level 1.4 Air Magic
 + Level 1.4 Earth Magic
 + Level 1.4 Alchemy
 + Level 2.0 Invocations
 + Level 1.8 Evocations
 + Level 1.6 Shapeshifting


You had 8 spell levels left.
You didn't know any spells.
Your spell library contained the following spells:

 Spells                   Type           Power      Damage    Failure   Level
 Lesser Beckoning         Tloc           8%         N/A       28%         2
 Gell's Gravitas          Tloc           4%         N/A       50%         3
 Teleport Other           Tloc           4%         N/A       50%         3


Dungeon Overview and Level Annotations

Branches:
Dungeon (4/15)
 Temple: D:4-7

Altars:

Annotations:
D:4 Natasha


Innate Abilities, Weirdness & Mutations

You have very sharp teeth.
Your uncanny sense of smell can sniff out nearby items.
Your experience applies equally to all skills.


Message History

The gnoll misses you.
You hit the gnoll but do no damage.
The gnoll is moderately wounded.
The gnoll barely misses you. The gnoll attacks as it pursues you!
The gnoll hits you with a +0 flail.
Natasha, Servant of Life and Death comes into view.
The gnoll attacks as it pursues you! The gnoll barely misses you.
The gnoll attacks as it pursues you! The gnoll hits you with a +0 flail!
You hit the gnoll.
The gnoll seems to speed up.
The gnoll is heavily wounded.
The gnoll no longer looks unusually strong.
The gnoll hits you with a +0 flail. The gnoll attacks as it pursues you!
The gnoll hits you with a +0 flail. The gnoll barely misses you.
The gnoll attacks as it pursues you! The gnoll closely misses you.
You barely miss the gnoll.
The gnoll is heavily wounded.
The gnoll hits you with a +0 flail!
You closely miss the gnoll.
The gnoll is heavily wounded.
The gnoll misses you.
The gnoll hits you from afar with a +0 spear.
The gnoll attacks as it pursues you!
The gnoll hits you from afar with a +0 spear.
The gnoll hits you with a +0 flail!
* * * LOW HITPOINT WARNING * * *
The gnoll attacks as it pursues you!
The gnoll hits you from afar with a +0 spear.
* * * LOW HITPOINT WARNING * * *
You hit the gnoll. You burn the gnoll.
The gnoll is almost dead.
The gnoll misses you. The gnoll barely misses you.
It was a potion of berserk rage.
A red film seems to cover your vision as you go berserk!
You feel yourself moving faster!
You feel mighty!
The gnoll hits you from afar with a +0 spear.
* * * LOW HITPOINT WARNING * * *
The gnoll hits you with a +0 flail.
You die...

###.............g....)........
#.......###...#####.####.##...
.............## #.# #.###.#
#.......###### #.# #.# #..
.......#.## #.# #g<....
#.....###.### #g# #.)...#
#....# ##..# #.# #.....# #....
#.#.#######.# #.....# ####
#.##..@gg....# #.....# #.#
########### ###.# ... .## #


You could see 2 gnolls.

Vanquished Creatures
  A scorpion (D:4)
  A howler monkey (D:3)
  A jelly (D:4)
  Natasha (D:4)
  2 gnolls (D:4)
  An adder (D:2)
  A ribbon worm (D:2)
  3 dart slugs
  6 ball pythons
  A bat (D:2)
  7 endoplasms
  A giant cockroach (D:1)
  7 goblins
  4 hobgoblins
  4 jackals (D:1)
  4 quokkas
  2 frilled lizards
  3 kobolds (D:2)
  5 rats
55 creatures vanquished.

Notes
Turn   | Place    | Note
-------+----------+-------------------------------------------
     0 | D:1      | mezmerelda the Gnoll Chaos Knight began the quest for the
                  | Orb.
     0 | D:1      | Reached XP level 1. HP: 23/23 MP: 1/1
   185 | D:1      | Reached XP level 2. HP: 29/29 MP: 2/2
   609 | D:1      | Reached XP level 3. HP: 35/35 MP: 3/3
   840 | D:2      | Reached skill level 1 in Invocations
   851 | D:2      | XOM: cast spell 'Animate Armour'
   967 | D:2      | Reached skill level 1 in Long Blades
   967 | D:2      | Reached skill level 1 in Axes
   967 | D:2      | Reached skill level 1 in Maces & Flails
   967 | D:2      | Reached skill level 1 in Polearms
   967 | D:2      | Reached skill level 1 in Staves
   967 | D:2      | Reached skill level 1 in Ranged Weapons
   967 | D:2      | Reached skill level 1 in Throwing
   967 | D:2      | Reached skill level 1 in Stealth
   967 | D:2      | Reached skill level 1 in Shields
   967 | D:2      | Reached skill level 1 in Unarmed Combat
   967 | D:2      | Reached skill level 1 in Spellcasting
   967 | D:2      | Reached skill level 1 in Evocations
  1114 | D:2      | Reached skill level 1 in Shapeshifting
  1114 | D:2      | Reached XP level 4. HP: 41/41 MP: 5/5
  1206 | D:2      | XOM: silly message
  1424 | D:3      | Reached skill level 1 in Conjurations
  1424 | D:3      | Reached skill level 1 in Hexes
  1424 | D:3      | Reached skill level 1 in Summonings
  1424 | D:3      | Reached skill level 1 in Necromancy
  1424 | D:3      | Reached skill level 1 in Translocations
  1424 | D:3      | Reached skill level 1 in Fire Magic
  1424 | D:3      | Reached skill level 1 in Ice Magic
  1424 | D:3      | Reached skill level 1 in Air Magic
  1424 | D:3      | Reached skill level 1 in Earth Magic
  1424 | D:3      | Reached skill level 1 in Alchemy
  1446 | D:3      | Noticed an ogre
  1506 | D:3      | XOM: noise
  1510 | D:3      | XOM: silly message
  1520 | D:4      | Noticed Natasha
  1523 | D:4      | XOM: silly message
  1538 | D:4      | Killed Natasha
  1539 | D:4      | Reached XP level 5. HP: 37/47 MP: 5/7
  1885 | D:4      | Reached XP level 6. HP: 53/53 MP: 8/8
  1938 | D:4      | Noticed Natasha
  1955 | D:4      | Slain by a gnoll

Illustrated notes

Levels and vault maps discovered:
D:1:      minmay_arrival_checkered_box, layout_basic
D:2:      layout_basic, nicolae_twisty_statue_hallways
D:3:      layout_basic, nicolae_shop_vocational
D:4:      layout_loops_ring, uniq_natasha

Skill      XL: |  1  2  3  4  5 |
---------------+----------------+-----
Invocations    | 1 2 |  2.0
Long Blades    | 1 |  1.8
Axes           | 1 |  1.8
Maces & Flails | 1 |  1.8
Polearms       | 1 |  1.8
Staves         | 1 |  1.8
Ranged Weapons | 1 |  1.8
Throwing       | 1 |  1.8
Stealth        | 1 |  1.8
Shields        | 1 |  1.8
Unarmed Combat | 1 |  1.8
Spellcasting   | 1 |  1.8
Evocations     | 1 |  1.8
Shapeshifting  | 1 |  1.6
Conjurations   | 1 |  1.4
Hexes          | 1 |  1.4
Summonings     | 1 |  1.4
Necromancy     | 1 |  1.4
Translocations | 1 |  1.4
Fire Magic     | 1 |  1.4
Ice Magic      | 1 |  1.4
Air Magic      | 1 |  1.4
Earth Magic    | 1 |  1.4
Alchemy        | 1 |  1.4
Dodging        | 3 |  3.2
Fighting       | |  6.8
Short Blades   | |  6.8
Armour         | |  4.9

Action                     |  1- 3 |  4- 6 || total
---------------------------+-------+-------++-------
  Melee: Short sword       |   118 |   104 ||   222
         Bite              |     9 |    15 ||    24
  Evoke: Wand              |       |     3 ||     3
    Use: Scroll            |       |     2 ||     2
         Potion            |       |     1 ||     1
   Stab: Confused          |     1 |     1 ||     2
         Sleeping          |     3 |     1 ||     4
         Paralysed         |     1 |       ||     1
         Petrified         |       |     1 ||     1
 Armour: Leather armour    |    36 |    38 ||    74
  Dodge: Dodged            |    32 |    47 ||    79

Table legend: (Time is in decaauts)
 A = Elapsed time spent in this place.
 B = Non-inter-level travel time spent in this place.
 C = Inter-level travel time spent in this place.
 D = Time resting spent in this place.
 E = Time spent auto-exploring this place.
 F = Levels seen in this place.
 G = Mean time per level.
                   A        B        C        D        E       F      G
               +--------+--------+--------+--------+--------+-----+--------+
         Total |   1881 |   1857 |     24 |    115 |   1198 |   4 |  470.2 |
       Dungeon |   1881 |   1857 |     24 |    115 |   1198 |   4 |  470.2 |
               +--------+--------+--------+--------+--------+-----+--------+

Top non-repeatable levels by time:
     D:1: 761 daAuts
     D:2: 543 daAuts
     D:4: 415 daAuts
     D:3: 161 daAuts
